 Dungeon Crawl Stone Soup version 0.31.0-32-g396128a36d (webtiles) character file.

Game seed: 18206653390212895220

802 spaghetti the Sneak (level 7, -3/60 HPs)
             Began as a Naga Summoner on Mar 15, 2024.
             Was a Follower of Uskayaw.
             Slain by a killer bee (6 damage)
             ... on level 5 of the Dungeon.
             The game lasted 00:08:27 (4376 turns).

spaghetti the Sneak (Naga Summoner)                 Turns: 4376, Time: 00:08:28

Health: -3/60      AC: 12    Str: 10    XL:     7   Next: 91%
Magic:  13/13      EV:  8    Int: 15    God:    Uskayaw [*.....]
Gold:   134        SH:  0    Dex: 15    Spells: 4/14 levels left

rFire   + . .        k - +6 dagger (speed)
rCold   . . .        n - orb {*channel}
rNeg    . . .        a - +0 robe
rPois   +            (no helmet)
rElec   +            (no cloak)
rCorr   .            j - +1 pair of gloves
SInv    +            g - +1 barding of Noon {Harm rElec Int-2 Dex+3}
Will    .....        d - amulet of magic regeneration
Stlth   +++          l - ring of protection from fire
HPRegen 0.30/turn    (no ring)
MPRegen 0.53/turn

%: harm (+30% outgoing, +20% incoming), channel magic (20%)
@: short of breath, unable to call your familiar, very slightly contaminated,
very slow
A: AC +2, large, see invisible, deformed body, poison resistance, slowness 2,
spit poison 1, naga tail 1, iridescent scales 1, robust 1, no potion heal 1
a: Spit Poison, Renounce Religion, Stomp


You were on level 5 of the Dungeon.
You worshipped Uskayaw.
Uskayaw was noncommittal.
You visited 1 branch of the dungeon, and saw 5 of its levels.

You collected 209 gold pieces.
You spent 75 gold pieces at shops.

Inventory:

Hand Weapons
 f - a +0 dagger of venom
 k - a +6 dagger of speed (weapon)
Armour
 a - a +0 robe (worn)
 g - the +1 barding of Noon (worn) {Harm rElec Int-2 Dex+3}
   (You acquired it on level 4 of the Dungeon)

   Int-2:     It affects your intelligence (-2).
   Dex+3:     It affects your dexterity (+3).
   rElec:     It insulates you from electricity.
   Harm:      It increases damage dealt and taken.
 j - a +1 pair of gloves (worn)
 n - an orb of energy (worn)
Jewellery
 d - an amulet of magic regeneration (around neck)
 l - a ring of protection from fire (left hand)
Wands
 m - a wand of flame (11)
 t - a wand of polymorph (10)
Scrolls
 c - a scroll of amnesia
 h - a scroll of revelation
 i - 3 scrolls of poison
 r - 3 scrolls of fear
Potions
 b - 3 potions of magic
 e - 2 potions of curing
 o - a potion of attraction
 p - a potion of brilliance {unknown}


   Skills:
 * Level 3.8 Short Blades
 - Level 1.5 Dodging
 + Level 5.1 Stealth
 - Level 4.0 Spellcasting
 - Level 5.0 Summonings
 + Level 1.9 Translocations
 * Level 4.2 Fire Magic


You had 4 spell levels left.
You knew the following spells:

 Your Spells              Type           Power      Damage    Failure   Level
a - Summon Blazeheart Go  Fire/Summ      16%        N/A       47%         4
b - Call Canine Familiar  Summ           18%        N/A       19%         3
c - Volatile Blastmotes   Fire/Tloc      24%        2d12      34%         3

Your spell library contained the following spells:

 Spells                   Type           Power      Damage    Failure   Level
 Summon Small Mammal      Summ           72%        N/A       9%          1
 Call Imp                 Summ           36%        N/A       12%         2
 Foxfire                  Conj/Fire      36%        2x1d5     21%         1
 Necrotise                Necr           12%        1d4       38%         1
 Shock                    Conj/Air       12%        1d3       38%         1
 Ensorcelled Hibernation  Hex/Ice        6%         N/A       47%         2
 Passwall                 Erth           3%         N/A       69%         3
 Sigil of Binding         Hex            3%         N/A       69%         3
 Swiftness                Air            3%         N/A       69%         3
 Vampiric Draining        Necr           3%         2d6       69%         3
 Martyr's Knell           Necr/Summ      10%        N/A       75%         4
 Summon Lightning Spire   Summ/Air       10%        N/A       75%         4
 Dimensional Bullseye     Hex/Tloc       2%         N/A       90%         4
 Iskenderun's Mystic Bla  Conj/Tloc      5%         2d3       90%         4
 Airstrike                Air            1%         2d(1-17)  96%         4
 Fulminant Prism          Conj/Alch      1%         3d5       96%         4
 Curse of Agony           Necr           3%         N/A       100%        5
 Plasma Beam              Fire/Air       4%         2x1d14    100%        6
 Starburst                Conj/Fire      4%         6d4       100%        6


Dungeon Overview and Level Annotations

Branches:
Dungeon (5/15)
 Temple: D:4-7

Altars:
Makhleb
Uskayaw

Shops:
D:5 ?

Annotations:
D:5 3 runed translucent doors, AbbaRin's ghost, novice DECj; velxir3's ghost, novice HOFi


Innate Abilities, Weirdness & Mutations

Your serpentine skin is tough. (AC +2)
You have supernaturally acute eyesight. (SInv)
Armour fits poorly on your strangely shaped body.
Your system is resistant to poisons. (rPois)
You cover ground very slowly.
You can spit poison.
You have a snake-like lower body.
You are partially covered in iridescent scales. (AC +2)
You are robust. (+10% HP)
Potions are less effective at restoring your health.


Message History

The killer bee is lightly wounded.
The killer bee stings your inugami.
The killer bee stings you but does no damage.
Your inugami hits the killer bee but does no damage.
The iguana bites your inugami!
Your inugami dies!
Your inugami disappears in a puff of smoke!
The killer bee stings you.
Casting: Summon Blazeheart Golem (quite dangerous; 47% risk of failure)
Confirm with . or Enter, or press ? or * to list all spells.
You miscast Summon Blazeheart Golem.
You are very lightly contaminated with residual magic.
Nothing appears to happen.
Magical energy flows into your mind!
The killer bee stings you but does no damage. x4
Casting: Summon Blazeheart Golem (quite dangerous; 47% risk of failure)
Confirm with . or Enter, or press ? or * to list all spells.
You miscast Summon Blazeheart Golem.
You are blasted with searing flames.
You resist. Magical energy flows into your mind!
The killer bee stings you but does no damage. x2
The killer bee barely misses you. The iguana barely misses you.
The killer bee stings you but does no damage.
Casting: Summon Blazeheart Golem (quite dangerous; 47% risk of failure)
Confirm with . or Enter, or press ? or * to list all spells.
You miscast Summon Blazeheart Golem.
Nothing appears to happen.
Magical energy flows into your mind! The killer bee stings you!
* * * LOW HITPOINT WARNING * * *
The killer bee stings you but does no damage. x2
The iguana bites you but does no damage.
The killer bee barely misses you.
Casting: Summon Blazeheart Golem (quite dangerous; 47% risk of failure)
Confirm with . or Enter, or press ? or * to list all spells.
You miscast Summon Blazeheart Golem.
Desperate hands claw out at you. Magical energy flows into your mind!
A nameless horror comes into view.
The killer bee closely misses you. The killer bee barely misses you.
The killer bee stings you!
* * * LOW HITPOINT WARNING * * *
The iguana bites you but does no damage.
The killer bee stings you.
You die...

#.......#....†..#>.........
#.......'.......#.........
...###.#.......#........
##.###'####....#........
#.........#....#......[.
##.........'....#........
.###########(...#X.......
.(..###..#......#y.......
....#..>.#......@y.......
.#..#[...##.#####l.......
.#..#....##.#####........
.#'###'####.....#........
.#.#......#.###.#........
...#......#.#∩#.#........
#..#......#.#...#........
...'......#.#####.......
..<#............#


You could see a nameless horror, an iguana and 2 killer bees.

Vanquished Creatures
  Edmund (D:5)
  A centaur (D:5)
  A scorpion (D:5)
  A killer bee (D:5)
  An orc priest (D:5)
  2 iguanas
  An orc wizard (D:5)
  2 nameless horrors (D:3)
  3 gnolls (D:4)
  7 adders
  8 dart slugs
  2 ribbon worms
  14 orcs
  6 bats
  7 endoplasms
  3 giant cockroaches
  5 hobgoblins
  8 jackals
  5 quokkas
  9 ball pythons
  3 frilled lizards (D:1)
  6 goblins
  5 kobolds
  10 rats
111 creatures vanquished.

Vanquished Creatures (collateral kills)
  A black bear (D:4)
  A jelly (D:4)
  An orc priest (D:4)
  A gnoll (D:1)
  A ribbon worm (D:3)
  3 orcs
  3 ball pythons (D:1)
  2 endoplasms
  A kobold (D:1)
  A bat (D:1)
  A frilled lizard (D:3)
  A goblin (D:4)
  2 goblin zombies (D:4)
19 creatures vanquished.

Vanquished Creatures (others)
  A blazeheart core (D:4)
1 creature vanquished.

Grand Total: 131 creatures vanquished

Notes
Turn   | Place    | Note
-------+----------+-------------------------------------------
     0 | D:1      | spaghetti the Naga Summoner began the quest for the Orb.
     0 | D:1      | Reached XP level 1. HP: 15/15 MP: 3/3
   128 | D:1      | Reached XP level 2. HP: 22/22 MP: 2/5
   425 | D:1      | Reached XP level 3. HP: 28/28 MP: 7/7
   545 | D:1      | Learned a level 3 spell: Call Canine Familiar
  1256 | D:2      | Reached XP level 4. HP: 30/36 MP: 9/9
  1647 | D:2      | Learned a level 4 spell: Summon Blazeheart Golem
  1795 | D:3      | Noticed a nameless horror
  1806 | D:3      | Killed a nameless horror
  1944 | D:3      | Found a burning altar of Makhleb.
  2023 | D:3      | Found a faded altar of an unknown god.
  2041 | D:3      | Reached skill level 1 in Fire Magic
  2136 | D:3      | Prayed at the altar of an unknown god.
  2136 | D:3      | Became a worshipper of Uskayaw the Reveller
  2136 | D:3      | Reached * piety under Uskayaw
  2210 | D:3      | Reached ** piety under Uskayaw
  2234 | D:3      | Reached XP level 5. HP: 37/42 MP: 10/10
  2514 | D:3      | Gained mutation: You are robust. (+10% HP) [potion of
                  | mutation]
  2514 | D:3      | Gained mutation: Potions are less effective at restoring
                  | your health. [potion of mutation]
  2514 | D:3      | Gained mutation: You are partially covered in iridescent
                  | scales. (AC +2) [potion of mutation]
  2577 | D:3      | Found a hide-covered altar of Uskayaw.
  2659 | D:4      | Reached skill level 1 in Short Blades
  2818 | D:4      | Noticed a nameless horror
  2833 | D:3      | Killed a nameless horror
  3117 | D:4      | Reached XP level 6. HP: 49/53 MP: 11/11
  3197 | D:4      | Reached skill level 5 in Summonings
  3269 | D:4      | Identified a scroll of acquirement
  3269 | D:4      | Acquired the +1 barding of Noon {Harm rElec Int-2 Dex+3}
  3523 | D:4      | Noticed a black bear
  3532 | D:4      | Learned a level 3 spell: Volatile Blastmotes
  3640 | D:4      | Killed a black bear
  3747 | D:5      | Entered Level 5 of the Dungeon
  3821 | D:5      | Reached XP level 7. HP: 60/60 MP: 13/13
  3849 | D:5      | Reached skill level 1 in Translocations
  4164 | D:5      | Found a runed translucent gate.
  4164 | D:5      | Found a runed translucent gate.
  4167 | D:5      | Found a runed translucent gate.
  4167 | D:5      | Noticed velxir3's ghost (novice HOFi)
  4169 | D:5      | Noticed AbbaRin's ghost (novice DECj)
  4194 | D:5      | Found Zemnif's Magic Scroll Shop.
  4198 | D:5      | Bought a scroll of enchant weapon for 75 gold pieces
  4218 | D:5      | Noticed Edmund
  4229 | D:5      | Killed Edmund
  4229 | D:5      | Reached *** piety under Uskayaw
  4230 | D:5      | Reached skill level 5 in Stealth
  4376 | D:5      | HP: 3/60 [killer bee (9)]
  4376 | D:5      | Slain by a killer bee

Illustrated notes

Levels and vault maps discovered:
D:1:      scummos_arrival_checkerplants, layout_basic, nicolae_grassy_gnolls
D:2:      layout_loops_ring
D:3:      minmay_bubble_buster, layout_rooms, mainiacjoe_overflow_paths,
          lemuel_coloured_pillars_altar, chequers_ecumenical_altar_simple_redux
D:4:      layout_rooms, enter_ossuary_4
D:5:      layout_gridville, temple_hall, gammafunk_ghost_cemetery, serial_shops,
          nicolae_shop_back_alley_shop,
          hangedman_abyss_or_decor_jellyfish_corner, nicolae_letterblocks
          [nicolae_letter_subblock, nicolae_letter_subblock,
          nicolae_letter_subblock, nicolae_letter_subblock,
          nicolae_letter_subblock, nicolae_letter_subblock,
          nicolae_letter_subblock, nicolae_letter_subblock,
          nicolae_letter_subblock, nicolae_letter_subblock,
          nicolae_letter_subblock, nicolae_letter_subblock,
          nicolae_letter_subblock, nicolae_letter_subblock,
          nicolae_letter_subblock, nicolae_letter_subblock,
          nicolae_letter_subblock, nicolae_letter_subblock,
          nicolae_letter_subblock, nicolae_letter_subblock,
          nicolae_letter_subblock, nicolae_letter_subblock,
          nicolae_letter_subblock, nicolae_letter_subblock,
          nicolae_letter_subblock], uniq_edmund

Skill      XL: |  1  2  3  4  5  6  7 |
---------------+----------------------+-----
Spellcasting   | 3 4 |  4.0
Fire Magic     | 1 2 3 4 |  4.2
Short Blades   | 1 2 3 |  3.8
Summonings     | 5 |  5.0
Stealth        | 4 5 |  5.1
Translocations | 1 |  1.9
Dodging        | |  1.5

Action                     |  1- 3 |  4- 6 |  7- 9 || total
---------------------------+-------+-------+-------++-------
  Melee: Unarmed           |    10 |       |       ||    10
         Dagger            |    77 |   205 |    67 ||   349
   Cast: Summon Small Mamm |    25 |     6 |       ||    31
         Call Canine Famil |     4 |    23 |     6 ||    33
         Summon Blazeheart |       |     4 |     1 ||     5
Ability: Spit Poison       |     6 |     1 |     1 ||     8
    Use: Potion            |     6 |     4 |     1 ||    11
         Scroll            |       |     9 |     1 ||    10
   Stab: Sleeping          |     5 |     2 |     1 ||     8
         Distracted        |     1 |       |     2 ||     3
         Paralysed         |       |       |     2 ||     2
 Armour: Robe              |    41 |   106 |    86 ||   233
         Skin              |    35 |       |       ||    35
  Dodge: Dodged            |    35 |    72 |    28 ||   135
